 Dungeon Crawl Stone Soup version 0.32-a0-996-gb3226c233f (webtiles) character file.

Game seed: 17562400510612537199

472338 GordonOverkill the Ice Dragon (level 23, -3/199 HPs)
             Began as a Yellow Draconian Delver on Apr 23, 2024.
             Was the Champion of Vehumet.
             Shot with a bolt by a yaktaur captain (49 damage)
             ... on level 5 of the Vaults.
             The game lasted 01:49:45 (59886 turns).

GordonOverkill the Ice Dragon (DrDe)               Turns: 59886, Time: 01:49:45

Health: -3/199     AC: 22    Str: 16    XL:     23   Next: 56%
Magic:  39/47      EV: 16    Int: 30    God:    Vehumet [******]
Gold:   723        SH:  9    Dex: 14    Spells: 29/62 levels left

rFire   + + .        n - +7 short sword "Tuul" {drain, rElec}
rCold   + . .        W - +3 buckler {AC+3}
rNeg    + . .        (body armour unavailable)
rPois   +            q - +2 hat {Will+}
rElec   +            Q - scarf of Sif Muna's Hope {+Inv, Will+ rCorr}
rCorr   +            H - +4 pair of gloves of Action {rN+ Str+2}
SInv    .            y - +0 pair of boots "Vylu" {Int+3}
Will    +++..        v - amulet "Bunteom" {rPois rF++ RegenMP+}
Stlth   +++          h - +6 ring of intelligence
HPRegen 0.53/turn    z - ring of protection from cold
MPRegen 0.70/turn

%: no passive effects
@: in a vortex, flayed, flying (expiring), studying Stealth
A: caustic breath, AC +11, unfitting armour, acidic bite, cold-blooded, acid
resistance, mutation resistance 1
}: 2/15 runes: decaying, gossamer
a: Caustic Breath, Renounce Religion, Evoke Invisibility


You were on level 5 of the Vaults.
You worshipped Vehumet.
Vehumet was exalted by your worship.
You visited 8 branches of the dungeon, and saw 40 of its levels.
You also visited: Volcano.

You collected 7391 gold pieces.
You spent 6668 gold pieces at shops.

Inventory:

Hand Weapons
 n - the +7 short sword "Tuul" (weapon) {drain, rElec}
   (You found it on level 5 of the Dungeon)

   rElec:     It insulates you from electricity.
Missiles
 B - 13 javelins
 J - 2 throwing nets
 N - 9 curare-tipped darts
Armour
 q - a +2 hat of willpower (worn)
 y - the +0 pair of boots "Vylu" (worn) {Int+3}
   (You found it on level 2 of the Depths)

   Int+3:     It affects your intelligence (+3).
 H - the +4 pair of gloves of Action (worn) {rN+ Str+2}
   (You found it on level 12 of the Dungeon)

   Str+2:     It affects your strength (+2).
   rN+:       It protects you from negative energy.
 Q - the scarf of Sif Muna's Hope (worn) {+Inv, Will+ rCorr}
   (You found it on level 1 of the Lair of Beasts)

   Will+:     It increases your willpower.
   rCorr:     It protects you from acid and corrosion.
 W - a +3 buckler of protection (worn)
Jewellery
 d - a ring of magical power
 h - a +6 ring of intelligence (left hand)
 s - a ring of see invisible
 v - the amulet "Bunteom" (around neck) {rPois rF++ RegenMP+}
   (You acquired it on level 5 of the Dungeon)

   [amulet of magic regeneration]

   It increases your rate of magic regeneration.
   rF++:      It greatly protects you from fire.
   rPois:     It protects you from poison.
   RegenMP+:  It increases your rate of magic regeneration.
 z - a ring of protection from cold (right hand)
Wands
 a - a wand of iceblast (22)
 e - a wand of quicksilver (28)
 f - a wand of digging (26)
 g - a wand of charming (50)
 x - a wand of mindburst (8)
Scrolls
 b - 7 scrolls of fog
 c - 6 scrolls of revelation
 k - 12 scrolls of identify
 m - 12 scrolls of teleportation
 o - 5 scrolls of brand weapon
 t - a scroll of silence
 A - 9 scrolls of amnesia
 C - 3 scrolls of enchant weapon
 E - 6 scrolls of vulnerability
 O - 3 scrolls of poison
 R - 2 scrolls of immolation
 Y - 7 scrolls of fear
 Z - 3 scrolls of enchant armour
Potions
 j - 18 potions of curing
 l - 9 potions of haste
 p - 14 potions of ambrosia
 r - 9 potions of attraction
 u - a potion of magic
 w - 6 potions of might
 G - 5 potions of enlightenment
 I - 3 potions of invisibility
 K - 10 potions of lignification
 L - 5 potions of resistance
 M - 9 potions of cancellation
 P - 4 potions of mutation
 T - 2 potions of berserk rage
 U - 2 potions of brilliance
 V - 3 potions of heal wounds
Miscellaneous
 i - a tin of tremorstones (2/2)
 F - a lightning rod (4/4)
 X - a sack of spiders


   Skills:
 - Level 15.0 Fighting
 - Level 5.0 Short Blades
 + Level 10.9 Dodging
 - Level 4.5 Stealth
 - Level 10.0 Shields
 - Level 20.0 Spellcasting
 - Level 3.0 Necromancy
 O Level 27 Ice Magic
 + Level 7.2 Air Magic
 - Level 12.0 Earth Magic
 - Level 5.8 Evocations


You had 29 spell levels left.
You knew the following spells:

 Your Spells              Type           Power      Damage    Failure   Level
a - Dispel Undead         Necr           48%        3d18      4%          4
b - Permafrost Eruption   Ice/Erth       49%        2x4d11    1%          6
c - Ozocubu's Refrigerat  Ice            56%        4d20      0%          7
d - Orb of Destruction    Conj           15%        9d7       95%         7
e - Polar Vortex          Ice            56%        12d7*     1%          9

Your spell library contained the following spells:

 Spells                   Type           Power      Damage    Failure   Level
 Lehudib's Crystal Spear  Conj/Erth      30%        10d8      87%         8
 Ensorcelled Hibernation  Hex/Ice        100%       N/A       0%          2
 Hailstorm                Conj/Ice       84%        3d14      0%          3
 Kiss of Death            Conj/Necr      100%       2d13      1%          1
 Summon Small Mammal      Summ           100%       N/A       1%          1
 Scorch                   Fire           60%        2d7       1%          2
 Dazzling Flash           Conj/Hex       60%        N/A       1%          3
 Fugue of the Fallen      Necr           48%        N/A       1%          3
 Summon Ice Beast         Ice/Summ       84%        N/A       1%          3
 Brom's Barrelling Bould  Conj/Erth      60%        2d8       1%          4
 Leda's Liquefaction      Alch/Erth      30%        N/A       1%          4
 Petrify                  Alch/Erth      60%        N/A       1%          4
 Borgnjor's Vile Clutch   Necr/Erth      33%        N/A       1%          5
 Metabolic Englaciation   Hex/Ice        42%        N/A       1%          5
 Sculpt Simulacrum        Ice/Alch       42%        N/A       1%          6
 Jinxbite                 Hex            60%        N/A       2%          2
 Lesser Beckoning         Tloc           60%        N/A       2%          2
 Arcjolt                  Conj/Air       25%        1d35      2%          5
 Summon Lightning Spire   Summ/Air       51%        N/A       3%          4
 Call Canine Familiar     Summ           30%        N/A       4%          3
 Confusing Touch          Hex            30%        N/A       4%          3
 Maxwell's Portable Pile  Tloc           30%        2d(8-22)  4%          3
 Sigil of Binding         Hex            30%        N/A       4%          3
 Teleport Other           Tloc           30%        N/A       4%          3
 Animate Dead             Necr           48%        N/A       4%          4
 Flame Wave               Conj/Fire      30%        2d9       4%          4
 Ignite Poison            Fire/Alch      30%        N/A       4%          4
 Bombard                  Conj/Erth      30%        9d5       5%          6
 Magnavolt                Erth/Air       36%        3d18      7%          7
 Anguish                  Hex/Necr       19%        N/A       8%          4
 Yara's Violent Unravell  Hex/Alch       15%        3d8       11%         5
 Dimensional Bullseye     Hex/Tloc       15%        N/A       14%         4
 Summon Blazeheart Golem  Fire/Summ      30%        N/A       14%         4
 Death Channel            Necr           24%        N/A       54%         6
 Seismic Cannonade        Alch/Erth      30%        6d11      71%         7
 Maxwell's Capacitive Co  Air            32%        ∞         73%         8
 Summon Cactus Giant      Summ           15%        N/A       92%         6
 Shatter                  Erth           40%        3d31*     92%         9
 Enfeeble                 Hex            15%        N/A       100%        7
 Discord                  Hex            15%        N/A       100%        8
 Chain Lightning          Conj/Air       25%        3d34      100%        9
 Fire Storm               Conj/Fire      15%        8d4       100%        9


Dungeon Overview and Level Annotations

Branches:
Dungeon (15/15)            Temple (1/1) D:4            Lair (5/5) D:11
  Swamp (4/4) Lair:2       Spider (4/4) Lair:3        Slime (0/5) Lair:4
    Orc (2/2) D:9             Elf (0/3) Orc:2        Vaults (5/5) D:13
  Crypt (0/3) Vaults:2     Depths (4/4) D:15            Zot (0/5) Depths:4
Volcano (visited)

Altars:
Ashenzari
Cheibriados
Dithmenos
Elyvilon
Fedhas
Gozag
Hepliaklqana
Kikubaaqudgha
Makhleb
Nemelex Xobeh
Okawaru
Qazlal
Ru
Sif Muna
Trog
Uskayaw
Vehumet
Wu Jian
Xom
Yredelemnul
Zin
The Shining One
Beogh

Shops:
D:2 :   D:9 (   D:15 *   Orc:2 (:[*   Vaults:1 ?   Depths:1 :   Depths:4 =:(:

Portals:
Hell: Depths:1 Depths:2 Depths:3 Depths:4
Abyss: Depths:3 Depths:4
Pandemonium: Depths:1 Depths:2
Ziggurat: Depths:1
Trove: Vaults:2 (give +7 demon blade)

Annotations:
D:12 4 transporters
Lair:2 3 runed translucent doors, Ajdolov's ghost, journeyman OpHu
Lair:4 1 runed translucent door, pedritolo's ghost, journeyman DjDe
Depths:1 4 transporters


Innate Abilities, Weirdness & Mutations

You can breathe corrosive fumes.
Your golden yellow scales are hard. (AC +11)
You cannot fit into any form of body armour.
You have acidic saliva.
You are cold-blooded and may be slowed by cold attacks.
You are resistant to acid. (rCorr)
You are somewhat resistant to further mutation.


Message History

Casting: Permafrost Eruption (safe; 1% risk of failure)
Confirm with . or Enter, or press ? or * to list all spells.
A great freezing vortex appears and lifts you up.
An ironbound convoker comes into view. It is wielding a +0 morningstar.
The yaktaur captain shoots a bolt.
The bolt hits you!!!!
* * * LOW HITPOINT WARNING * * *
Casting: Polar Vortex (dangerous; 1% risk of failure)
Confirm with . or Enter, or press ? or * to list all spells.
Bitter cold erupts, blasting rock from the ceiling!
The mass of rock hits the ironbound convoker!!
The ironbound convoker is severely wounded.
Piercing cold boils outward!
The piercing cold hits the ironbound convoker!!
You kill the ironbound convoker!
Vehumet accepts your kill.
You feel your power returning.
You fly upwards.
There is a stone staircase leading down, spattered with blood here.
You start resting.
The winds around you calm down.
Magic restored.
You start resting.
HP restored.
You climb downwards.
The yaktaur captain shoots a bolt.
The bolt hits you!!!
A shining eye comes into view.
The shining eye turns its gaze towards you.
There is a stone staircase leading up, spattered with blood here.
Casting: Permafrost Eruption (safe; 1% risk of failure)
Confirm with . or Enter, or press ? or * to list all spells.
A great freezing vortex appears and lifts you up.
The flayed ghost stares at you with tortured malice.
Terrible wounds open up all over your body!
* * * LOW HITPOINT WARNING * * *
The yaktaur captain shoots a bolt.
The bolt hits you!!!
* * * LOW HITPOINT WARNING * * *
The flayed ghost cries, "Suffer as I suffered!"
Terrible wounds spread across more of your body!
* * * LOW HITPOINT WARNING * * *
The yaktaur captain shoots a bolt.
The bolt hits you!!!
You die...

#....##[.W## #
#....#÷(.[.# #.
#....#[[...[
..)#....#..[[,
, ...(§§§§§§§)
##.[§§§§§§#####
....§§§§§§§....
....§§§@§§§.[).
....§§§§§§§...[
...[§§§§§§§....
##[.§§§§§§#####
.).c...÷..[
.#÷#..(.#..[
#[.#..G.#####
.# #...[#


You could see a yaktaur captain, a flayed ghost and a shining eye.

Vanquished Creatures
  An ancient lich (Vaults:4)
  A dread lich (Vaults:5)
  Mara (Swamp:4)
  Vv (Depths:3)
  Margery (Depths:4)
  7 caustic shrikes
  5 golden dragons
  the Enchantress (Depths:4)
  A bone dragon (Depths:4)
  4 tentacled monstrosities
  Jorgrun (Swamp:1)
  A walking earthen tome (Depths:3)
  7 liches
  2 walking divine tomes (Depths:2)
  A titan (Vaults:5)
  A searing wretch (Depths:4)
  The ghost of Atsigevi the Tortoise, an adept MiFi of Makhleb (Swamp:1)
  A quicksilver dragon (Depths:2)
  9 sphinxes
  5 storm dragons
  3 thorn hunters
  3 shadow dragons
  8 tengu reavers
  Roxanne (Swamp:4)
  A draconian monk (Depths:4)
  A fenstrider witch (Swamp:3)
  6 fire giants
  A draconian knight (Depths:4)
  17 vault wardens
  15 frost giants
  The ghost of Dimul the Imperceptible, an adept KoDe of Uskayaw (Spider:2)
  A deep elf sorcerer (Vaults:5)
  An iron dragon (Depths:3)
  6 emperor scorpions
  A ghost moth (Spider:3)
  A draconian scorcher (Depths:4)
  2 formless jellyfish
  An orc warlord (Orc:1)
  A balrug (Depths:2)
  31 very ugly things
  17 ironbound preservers
  12 stone giants
  3 spriggan defenders
  A vampire knight (Depths:3)
  7 ironbound thunderhulks
  2 deep elf death magi
  A black draconian (Depths:4)
  Azrael (D:13)
  6 eleionomae
  2 yellow draconians (Depths:4)
  4 bunyips
  A war gargoyle (Vaults:5)
  2 deep elf annihilators (Vaults:5)
  2 red draconians (Depths:4)
  6 dire elephants
  12 spark wasps
  A purple draconian (Depths:4)
  13 ettins
  A green death (Depths:1)
  An ettin (shapeshifter) (Vaults:5)
  2 deep elf high priests
  6 fire dragons
  A shambling mangrove (Swamp:4)
  5 great orbs of eyes
  19 yaktaur captains
  2 entropy weavers
  3 rakshasas
  23 hydras
  5 ironbound frosthearts
  2 ice dragons
  5 radroaches
  35 vault guards
  A peacekeeper (Vaults:3)
  2 ogre magi
  A ghost crab (Swamp:4)
  A death knight (D:14)
  9 boulder beetles
  A merfolk avatar (Lair:5)
  10 alligators
  7 spriggan air magi
  16 centaur warriors
  7 two-headed ogres
  4 deep troll shamans
  16 death yaks
  3 orc high priests (Orc:2)
  5 tengu warriors
  3 vampire magi
  15 demonic crawlers
  5 deep troll earth magi
  A soul eater (Depths:2)
  6 occultists
  Nergalle (D:10)
  2 shock serpents (shapeshifter)
  3 hell knights
  A skyshark (shapeshifter) (Vaults:5)
  Sonja (Lair:2)
  5 spriggan berserkers
  15 spriggans
  A skyshark (Lair:5)
  2 sea snakes (Lair:5)
  2 pharaoh ants
  2 sea snakes (shapeshifter)
  2 iron trolls
  5 goliath frogs
  A sixfirhy (Depths:1)
  5 spriggan druids
  A goliath frog (shapeshifter) (Vaults:5)
  9 orb spiders
  8 skeletal warriors
  7 arcanists
  52 deep trolls
  A glowing orange brain (shapeshifter) (Vaults:5)
  A bog body (Swamp:3)
  5 glowing orange brains
  12 lindwurms
  15 swamp dragons
  20 ironbound convokers
  An obsidian bat (Orc:1)
  6 sun moths
  4 orc knights
  A harpy (Lair:5)
  5 steelbarb worms
  3 phantasmal warriors
  3 necromancers
  6 orc sorcerers
  19 wolf spiders
  45 ugly things
  A salamander (D:15)
  A deep elf pyromancer (D:14)
  A shining eye (Depths:1)
  A human zombie (Vaults:1)
  3 manticores
  5 moths of wrath
  3 cyclopes
  A mana viper (shapeshifter) (Depths:2)
  2 will-o-the-wisps
  10 elephants
  5 toenail golems (Volcano)
  2 kobold blastminers (Orc:1)
  8 vault sentinels
  5 black mambas
  A stone giant skeleton (Vaults:5)
  6 meliai
  3 torpor snails
  A torpor snail (shapeshifter) (Depths:3)
  A kobold demonologist (D:12)
  9 cane toads
  2 smoke demons (Depths:1)
  8 komodo dragons
  3 freezing wraiths
  An unseen horror (shapeshifter) (D:15)
  5 tengu conjurers
  8 rime drakes
  22 yaktaurs
  A tormentor (Depths:2)
  A yaktaur (shapeshifter) (D:13)
  A queen bee (shapeshifter) (Vaults:5)
  A red devil (Spider:1)
  A guardian mummy (Vaults:2)
  A yaktaur skeleton (Vaults:1)
  A queen bee (D:13)
  3 trolls
  A merfolk (shapeshifter) (Depths:4)
  3 polar bears
  29 tarantellas
  A bloated husk (Swamp:4)
  A shadow dragon simulacrum (Vaults:1)
  24 jumping spiders
  19 hornets
  10 tyrant leeches
  5 glass eyes
  Prince Ribbit (D:8)
  A human skeleton (Vaults:1)
  A snapping turtle (Lair:5)
  12 blink frogs
  11 dream sheep (Lair:5)
  A dream sheep (shapeshifter) (Vaults:5)
  45 slime creatures
  6 wraiths
  4 shadows
  4 fire elementals (D:13)
  4 wyverns
  61 yaks
  2 vampires
  14 culicivoras
  2 water elementals (Depths:4)
  Grum (D:11)
  30 redbacks
  7 basilisks
  Eustachio (D:6)
  5 humans (Volcano)
  18 vampire mosquitoes
  A warg (Orc:2)
  An elf skeleton (Vaults:5)
  4 steam dragons
  8 swamp worms
  13 water moccasins
  5 acid dragons
  A hell hound (D:13)
  A glowing shapeshifter skeleton (Vaults:5)
  30 orc warriors
  6 ogres
  10 swamp drakes
  3 black bears
  2 laughing skulls (D:13)
  5 boggarts (Vaults:2)
  13 wolves
  10 centaurs
  3 phantoms
  9 scorpions
  A gnoll sergeant (D:11)
  A glowing shapeshifter simulacrum (Vaults:1)
  16 bullfrogs
  9 wights
  21 killer bees (D:13)
  11 electric eels
  2 howler monkeys
  3 bombardier beetles
  4 jellies
  5 hounds
  2 gnoll boudas
  27 orc priests
  Jessica (D:2)
  29 orc wizards
  12 gnolls
  6 adders
  3 shadow imps
  6 white imps
  4 ufetubi
  3 dart slugs
  2 ribbon worms (D:4)
  75 orcs
  3 bats (D:1)
  5 endoplasms
  5 giant cockroaches
  12 goblins
  9 hobgoblins
  4 jackals (D:3)
  3 quokkas
  5 ball pythons
  6 frilled lizards
  A kobold (D:3)
  5 rats
  A spectral goblin (D:10)
1621 creatures vanquished.

Vanquished Creatures (collateral kills)
  A spriggan defender (Depths:4)
1 creature vanquished.

Vanquished Creatures (others)
  A frost giant (Depths:3)
  A bloated husk (Swamp:4)
  A spriggan (D:14)
  A basilisk (Lair:1)
4 creatures vanquished.

Grand Total: 1626 creatures vanquished

Notes
Turn   | Place    | Note
-------+----------+-------------------------------------------
     0 | D:5      | GordonOverkill the Draconian Delver began the quest for the
                  | Orb.
     0 | D:5      | Reached XP level 1. HP: 19/19 MP: 1/1
    20 | D:6      | Noticed a hound
    25 | D:6      | Killed a hound
    26 | D:6      | Reached XP level 2. HP: 26/26 MP: 2/2
    26 | D:6      | Reached XP level 3. HP: 31/31 MP: 3/3
   290 | D:7      | Reached XP level 4. HP: 40/40 MP: 4/4
   536 | D:5      | Reached skill level 1 in Spellcasting
   611 | D:5      | Identified the +7 short sword "Tuul" {drain, rElec}
   647 | D:6      | Reached XP level 5. HP: 46/46 MP: 6/8
   673 | D:4      | Noticed a steam dragon
   683 | D:4      | Killed a steam dragon
   684 | D:4      | Reached XP level 6. HP: 8/52 MP: 8/10
  1789 | D:4      | Found a staircase to the Ecumenical Temple.
  1801 | Temple   | Entered the Ecumenical Temple
  1819 | Temple   | Became a worshipper of Vehumet
  1853 | D:4      | Found a shimmering altar of Xom.
  2015 | D:4      | Reached skill level 5 in Short Blades
  2066 | D:4      | Your scales start taking on a golden yellow colour.
  2066 | D:4      | Reached XP level 7. HP: 60/60 MP: 11/11
  2066 | D:4      | Gained mutation: You are resistant to acid. (rCorr) [Yellow
                  | Draconian growth]
  2094 | D:4      | Reached skill level 5 in Fighting
  2094 | D:4      | Reached skill level 1 in Necromancy
  2099 | D:4      | Learned a level 4 spell: Dispel Undead
  2100 | D:4      | Reached * piety under Vehumet
  2100 | D:4      | Offered knowledge of Sandblast by Vehumet.
  2175 | D:4      | Found a sacrificial altar of Ru.
  3070 | D:2      | Found Sung's Book Emporium.
  3190 | D:2      | Noticed Jessica
  3195 | D:2      | Killed Jessica
  3655 | D:1      | Offered knowledge of Magic Dart by Vehumet.
  3698 | D:1      | Reached ** piety under Vehumet
  4384 | D:4      | Reached skill level 1 in Ice Magic
  4536 | D:5      | Reached skill level 2 in Ice Magic
  4561 | D:5      | Noticed a wyvern
  4565 | D:5      | Killed a wyvern
  4566 | D:5      | Reached skill level 3 in Ice Magic
  4566 | D:5      | Reached XP level 8. HP: 58/68 MP: 12/12
  4950 | D:5      | Identified a scroll of acquirement
  4951 | D:5      | Acquired the amulet "Bunteom" {rPois rF++ RegenMP+}
  5338 | D:5      | Found a burning altar of Makhleb.
  5367 | D:5      | Found a broken altar of Ashenzari.
  5590 | D:6      | Reached skill level 5 in Spellcasting
  5656 | D:6      | Noticed Eustachio
  5669 | D:6      | Killed Eustachio
  5670 | D:6      | Reached skill level 4 in Ice Magic
  5689 | D:6      | Reached skill level 5 in Ice Magic
  6235 | D:7      | Offered knowledge of Hailstorm by Vehumet.
  6236 | D:7      | Reached XP level 9. HP: 72/74 MP: 16/16
  6251 | D:7      | Reached skill level 5 in Earth Magic
  6533 | D:7      | Reached skill level 6 in Ice Magic
  6573 | D:7      | Acquired 832 gold pieces
  6740 | D:2      | Bought a book of the Tundra for 528 gold pieces
  6747 | D:2      | Learned a level 6 spell: Permafrost Eruption
  6980 | D:7      | Found a sparkling altar of Nemelex Xobeh.
  7184 | D:7      | Found a sparkling altar of Nemelex Xobeh.
  7445 | D:7      | Reached skill level 7 in Ice Magic
  7740 | D:7      | Reached *** piety under Vehumet
  8087 | D:8      | Reached skill level 8 in Ice Magic
  8098 | D:8      | Reached XP level 10. HP: 32/81 MP: 17/17
  8718 | D:8      | Reached skill level 9 in Ice Magic
  8727 | D:8      | Noticed Prince Ribbit
  8744 | D:8      | Killed Prince Ribbit
  8862 | D:8      | Found a glowing golden altar of the Shining One.
  9063 | D:8      | Offered knowledge of Dazzling Flash by Vehumet.
  9309 | D:9      | Found a staircase to the Orcish Mines.
  9670 | D:9      | Noticed a two-headed ogre
  9674 | D:9      | Noticed a two-headed ogre
  9675 | D:9      | Killed a two-headed ogre
  9676 | D:9      | Reached skill level 10 in Ice Magic
  9682 | D:9      | Killed a two-headed ogre
 10147 | D:9      | Found a hide-covered altar of Uskayaw.
 10229 | D:9      | Found a shadowy altar of Dithmenos.
 10265 | D:9      | Reached **** piety under Vehumet
 10402 | D:9      | Found a roughly hewn altar of Beogh.
 10404 | D:9      | Offered knowledge of Fireball by Vehumet.
 10694 | D:9      | Found Huhuuhac's Antique Weapon Emporium.
 10838 | D:9      | Found a bloodstained altar of Trog.
 10979 | D:10     | Entered Level 10 of the Dungeon
 10999 | D:10     | Noticed Nergalle
 11019 | D:10     | Killed Nergalle
 11020 | D:10     | Reached skill level 10 in Earth Magic
 11106 | D:10     | Found a glowing golden altar of the Shining One.
 11114 | D:10     | Reached XP level 11. HP: 86/86 MP: 2/18
 11210 | D:10     | Noticed a two-headed ogre
 11214 | D:10     | Killed a two-headed ogre
 11415 | D:10     | Found a hazy altar of Hepliaklqana.
 11520 | D:10     | Noticed a two-headed ogre
 11522 | D:10     | Killed a two-headed ogre
 11820 | D:10     | Found a snail-covered altar of Cheibriados.
 12386 | D:11     | Got Acess's Vellum of Charms and Pyromania
 12456 | D:11     | Noticed a two-headed ogre
 12489 | D:11     | Killed a two-headed ogre
 12551 | D:11     | Reached ***** piety under Vehumet
 12551 | D:11     | Offered knowledge of Ozocubu's Refrigeration by Vehumet.
 12560 | D:11     | Learned a level 7 spell: Ozocubu's Refrigeration
 12561 | D:11     | Noticed Grum
 12576 | D:11     | Killed Grum
 12783 | D:11     | Found a staircase to the Lair.
 12835 | D:11     | Reached skill level 10 in Spellcasting
 12874 | D:11     | Found a stormy altar of Qazlal.
 13160 | Lair:1   | Entered Level 1 of the Lair of Beasts
 13183 | Lair:1   | Identified the scarf of Sif Muna's Hope {+Inv, Will+ rCorr}
 13331 | Lair:1   | Reached XP level 12. HP: 69/94 MP: 15/26
 13432 | Lair:1   | Reached skill level 11 in Ice Magic
 13481 | Lair:1   | You fall into a shaft and drop 1 floor!
 13516 | Lair:2   | Noticed a five-headed hydra
 13519 | Lair:2   | Killed a five-headed hydra
 13607 | Lair:2   | Noticed a death yak
 13608 | Lair:2   | Noticed a death yak
 13609 | Lair:2   | Noticed a death yak
 13609 | Lair:2   | Noticed a death yak
 13611 | Lair:2   | Noticed a death yak
 13611 | Lair:2   | Noticed a death yak
 13617 | Lair:2   | Killed a death yak
 13663 | Lair:1   | Killed a death yak
 13664 | Lair:1   | Reached skill level 12 in Ice Magic
 13934 | Lair:1   | Reached skill level 13 in Ice Magic
 14531 | Lair:2   | Noticed Sonja
 14533 | Lair:2   | Killed Sonja
 14601 | Lair:2   | Found a runed translucent gate.
 14601 | Lair:2   | Found a runed translucent gate.
 14601 | Lair:2   | Found a runed translucent gate.
 14602 | Lair:2   | Noticed an 11-headed hydra
 14605 | Lair:2   | Noticed Ajdolov's ghost (journeyman OpHu)
 14659 | Lair:2   | Found a staircase to the Swamp.
 14753 | Lair:2   | Reached skill level 14 in Ice Magic
 15293 | Lair:2   | Killed a death yak
 15307 | Lair:2   | Killed a death yak
 15316 | Lair:2   | Killed a death yak
 15322 | Lair:2   | Killed a death yak
 15595 | Lair:3   | Noticed a death yak
 15596 | Lair:3   | Noticed a death yak
 15596 | Lair:3   | Noticed a death yak
 15596 | Lair:3   | Noticed a death yak
 15599 | Lair:3   | Killed a death yak
 15599 | Lair:3   | Noticed a death yak
 15601 | Lair:3   | Reached XP level 13. HP: 100/100 MP: 10/27
 15621 | Lair:2   | Reached skill level 15 in Ice Magic
 15934 | Lair:3   | Found a dark tunnel.
 15939 | Volcano  | Entered a volcano
 17292 | Lair:3   | Found a hole to the Spider Nest.
 17905 | Lair:4   | Found a runed translucent door.
 17915 | Lair:4   | Identified the +3 trident "Cypro" {freeze, Str+5 Int+3}
 18523 | Lair:4   | Found a staircase to the Slime Pits.
 18694 | Lair:4   | Acquired 1037 gold pieces
 18756 | Lair:4   | Identified the +8 scimitar of the Maze {drain, +Blink rPois
                  | Will+}
 18965 | Lair:4   | Noticed pedritolo's ghost (journeyman DjDe)
 19056 | Lair:5   | Entered Level 5 of the Lair of Beasts
 19498 | Lair:5   | Gained mutation: You have acidic saliva. [Yellow Draconian
                  | growth]
 19498 | Lair:5   | Reached XP level 14. HP: 32/107 MP: 9/30
 19772 | Lair:5   | Offered knowledge of Iskenderun's Battlesphere by Vehumet.
 19929 | Lair:5   | Reached skill level 16 in Ice Magic
 20578 | Lair:5   | Reached skill level 17 in Ice Magic
 21982 | Lair:5   | Identified the +2 trident of Rubbish {flame, rF- rN+ Dex+8}
 22484 | D:12     | Found a transporter.
 22490 | D:12     | Found a transporter.
 22491 | D:12     | Found a transporter.
 22509 | D:12     | Found a transporter.
 22859 | D:12     | Reached skill level 10 in Fighting
 22952 | D:12     | Identified the +1 sling "Teexzeb" {freeze, rPois rN+ Dex-5
                  | Stlth+}
 23293 | D:12     | Identified the +4 pair of gloves of Action {rN+ Str+2}
 23412 | D:13     | Found Zakkeck's Magic Scroll Shop.
 23493 | D:13     | Offered knowledge of Orb of Destruction by Vehumet.
 23502 | D:13     | Learned a level 7 spell: Orb of Destruction
 23826 | D:13     | Reached XP level 15. HP: 107/126 MP: 16/31
 23943 | D:13     | Noticed Azrael
 23946 | D:13     | Killed Azrael
 24553 | D:13     | Found a gate to the Vaults.
 26142 | D:14     | Offered knowledge of Freezing Cloud by Vehumet.
 26337 | D:15     | Entered Level 15 of the Dungeon
 26356 | D:15     | Reached skill level 1 in Shields
 26375 | D:15     | Reached skill level 15 in Spellcasting
 26690 | D:15     | Found Hosuenae's Assorted Antiques.
 26695 | D:15     | Bought a pair of glowing boots for 202 gold pieces
 26695 | D:15     | Bought a scroll of fog for 108 gold pieces
 26695 | D:15     | Bought a sack of spiders for 1080 gold pieces
 26945 | D:15     | Reached skill level 5 in Shields
 27535 | D:15     | Found a staircase to the Depths.
 28036 | Orc:1    | Entered Level 1 of the Orcish Mines
 28318 | Orc:2    | Entered Level 2 of the Orcish Mines
 28318 | Orc:2    | Found a staircase to the Elven Halls.
 28929 | Orc:2    | Reached XP level 16. HP: 134/134 MP: 22/35
 29247 | Orc:2    | Offered knowledge of Conjure Ball Lightning by Vehumet.
 29503 | Orc:2    | Found Liff's General Store.
 29504 | Orc:2    | Found Cudiugua's Book Emporium.
 29506 | Orc:2    | Found Deich's Antique Armour Emporium.
 29506 | Orc:2    | Found Xaubank's Antique Weapon Shoppe.
 29521 | Orc:2    | Bought a scroll of acquirement for 728 gold pieces
 29521 | Orc:2    | Bought a scroll of fear for 56 gold pieces
 29521 | Orc:2    | Bought a scroll of enchant armour for 105 gold pieces
 29682 | Orc:2    | Bought a scorched whip for 195 gold pieces
 29682 | Orc:2    | Identified the +6 whip of the Onslaught {elec, rN++ Dex+3}
                  | (You bought it in a shop on level 2 of the Orcish Mines)
 29682 | Orc:2    | Acquired 1099 gold pieces
 29887 | Spider:1 | Entered Level 1 of the Spider Nest
 29970 | Spider:1 | Gained mutation: You are robust. (+10% HP) [mutagenic glow]
 29987 | Spider:1 | Gained mutation: You sometimes lose your temper in combat.
                  | [mutagenic glow]
 30168 | Spider:1 | Lost mutation: You sometimes lose your temper in combat.
                  | [potion of mutation]
 30168 | Spider:1 | Lost mutation: You are robust. (+10% HP) [potion of
                  | mutation]
 30168 | Spider:1 | Gained mutation: You are somewhat resistant to further
                  | mutation. [potion of mutation]
 30177 | Spider:1 | Identified the +6 glaive of Xujiwow {flame, Will- rCorr
                  | Int+6 Dex-3}
 30411 | Spider:1 | Reached skill level 10 in Shields
 31585 | Spider:2 | Found a large runed translucent door.
 31585 | Spider:2 | Found a large runed translucent door.
 31590 | Spider:2 | Noticed Dimul's ghost (adept KoDe)
 31832 | Spider:2 | Reached skill level 18 in Ice Magic
 32115 | Spider:2 | Offered knowledge of Irradiate by Vehumet.
 32476 | Spider:2 | Killed Dimul's ghost
 32519 | Spider:2 | Identified the +4 hand axe of Niyhar {venom, *Corrode rPois
                  | rN+ Stlth+}
 32819 | Spider:3 | Identified the +9 war axe of Pesec {flame, ^Contam rElec
                  | rPois Dex+2}
 32850 | Spider:3 | Reached skill level 19 in Ice Magic
 33218 | Spider:3 | Reached skill level 5 in Evocations
 33218 | Spider:3 | Reached XP level 17. HP: 140/140 MP: 34/36
 33525 | Spider:3 | Found a roughly hewn altar of Beogh.
 33537 | Spider:3 | Identified the +1 pair of boots of Esugg {rN++}
 33570 | Spider:4 | Entered Level 4 of the Spider Nest
 33580 | Spider:4 | Reached XP level 18. HP: 147/147 MP: 6/37
 34238 | Spider:4 | Reached skill level 20 in Ice Magic
 34557 | Spider:4 | Reached ****** piety under Vehumet
 34872 | Spider:4 | Offered knowledge of Plasma Beam by Vehumet.
 34873 | Spider:4 | Reached skill level 5 in Dodging
 34998 | Spider:4 | Got a gossamer rune of Zot
 35150 | Swamp:1  | Entered Level 1 of the Swamp
 35170 | Swamp:1  | Noticed Atsigevi's ghost (adept MiFi)
 35176 | Swamp:1  | Found a runed translucent door.
 35242 | Swamp:1  | Noticed Jorgrun
 35256 | Swamp:1  | Killed Jorgrun
 35755 | Swamp:1  | Found Pyfrahy's Island Escapes.
 35891 | Swamp:1  | Killed Atsigevi's ghost
 36081 | Swamp:1  | Bought a potion of enlightenment for 70 gold pieces
 36081 | Swamp:1  | Bought a scroll of fog for 56 gold pieces
 36081 | Swamp:1  | Bought 2 potions of enlightenment for 140 gold pieces
 36081 | Swamp:1  | Bought a scroll of teleportation for 42 gold pieces
 36081 | Swamp:1  | Bought a wand of digging (4) for 235 gold pieces
 36081 | Swamp:1  | Bought a potion of invisibility for 112 gold pieces
 36081 | Swamp:1  | Bought a scroll of blinking for 105 gold pieces
 36848 | Swamp:3  | Identified the +6 trident "Spiderbane" {flame, Str+3
                  | Stlth+}
 37517 | Swamp:4  | Entered Level 4 of the Swamp
 37517 | Swamp:4  | Noticed Mara
 37522 | Swamp:4  | Killed Mara
 37523 | Swamp:4  | Reached skill level 21 in Ice Magic
 37697 | Swamp:4  | Offered knowledge of Lehudib's Crystal Spear by Vehumet.
 37697 | Swamp:4  | Offered knowledge of Chain Lightning by Vehumet.
 37697 | Swamp:4  | Offered knowledge of Polar Vortex by Vehumet.
 37720 | Swamp:4  | Learned a level 9 spell: Polar Vortex
 37778 | Swamp:4  | Reached XP level 19. HP: 111/154 MP: 22/38
 38810 | Swamp:4  | Noticed Roxanne
 38817 | Swamp:4  | Reached skill level 22 in Ice Magic
 39043 | Swamp:4  | Got a decaying rune of Zot
 39632 | Swamp:4  | Killed Roxanne
 39954 | Vaults:1 | Entered Level 1 of the Vaults
 40246 | Vaults:1 | You fall into a shaft and drop 1 floor!
 40567 | Vaults:1 | Reached skill level 23 in Ice Magic
 40873 | Vaults:1 | Found Fuyf's Magic Scroll Emporium.
 40881 | Vaults:1 | Bought a scroll of revelation for 105 gold pieces
 40881 | Vaults:1 | Bought a scroll of fog for 56 gold pieces
 40881 | Vaults:1 | Bought a scroll of revelation for 105 gold pieces
 42116 | Vaults:2 | Found a staircase to the Crypt.
 42211 | Vaults:2 | Reached skill level 24 in Ice Magic
 42575 | Vaults:2 | Reached XP level 20. HP: 161/161 MP: 26/39
 42962 | Vaults:2 | Found a portal to a secret trove of treasure.
 43948 | Vaults:3 | Reached skill level 25 in Ice Magic
 44925 | Vaults:3 | Paralysed by a formless jellyfish for 1 turns
 46117 | Vaults:3 | Acquired a book of Sloth
 46685 | Vaults:4 | Reached skill level 15 in Fighting
 47102 | Vaults:4 | Reached XP level 21. HP: 184/184 MP: 40/40
 47898 | Vaults:5 | Entered Level 5 of the Vaults
 47905 | Vaults:5 | Reached skill level 26 in Ice Magic
 48474 | Vaults:5 | Noticed an ancient lich
 48475 | Vaults:5 | Noticed a dread lich
 48822 | Depths:1 | Entered Level 1 of the Depths
 48943 | Depths:1 | Found a one-way gate leading to the halls of Pandemonium.
 49252 | Depths:1 | Found a transporter.
 49258 | Depths:1 | Found a transporter.
 49270 | Depths:1 | Found a transporter.
 49617 | Depths:1 | Found a one-way gateway to a ziggurat.
 49619 | Depths:1 | Found a gateway to Hell.
 49775 | Depths:1 | Found Hisomih's Tiny Tomes.
 49950 | Depths:1 | Found a transporter.
 50742 | Depths:2 | Noticed a caustic shrike
 50751 | Depths:2 | Killed a caustic shrike
 50752 | Depths:2 | Reached skill level 27 in Ice Magic
 51062 | Depths:2 | Noticed a caustic shrike
 51070 | Depths:2 | Killed a caustic shrike
 52107 | Depths:2 | You fall into a shaft and drop 1 floor!
 52113 | Depths:3 | Reached XP level 22. HP: 109/192 MP: 42/42
 52569 | Depths:3 | Noticed Vv
 52634 | Depths:3 | Noticed a golden dragon
 52639 | Depths:3 | Killed a golden dragon
 53084 | Depths:3 | Killed Vv
 53146 | Depths:3 | Found an ornate altar of the Wu Jian Council.
 54514 | Depths:3 | Found a one-way gate to the infinite horrors of the Abyss.
 55435 | Depths:2 | Noticed a golden dragon
 55448 | Depths:2 | Killed a golden dragon
 55618 | Depths:2 | Identified the +0 pair of boots "Vylu" {Int+3}
 55619 | Depths:2 | Identified the +4 orcbow of Ashenzari, Fortifying {heavy,
                  | Fly rN+ rCorr}
 55671 | Depths:2 | Identified the +4 great sword of Fimbulwinter {holy, Dex+3}
 55780 | Depths:4 | Entered Level 4 of the Depths
 55905 | Depths:4 | Found Olaenoss's Book Emporium.
 55906 | Depths:4 | Noticed the Enchantress
 55907 | Depths:4 | Found Ynlit's Antique Weapon Emporium.
 55907 | Depths:4 | Found Vustoel's Book Shoppe.
 55926 | Depths:4 | Noticed a caustic shrike
 55926 | Depths:4 | Noticed a caustic shrike
 56491 | Depths:4 | Noticed a caustic shrike
 56682 | Depths:4 | Noticed a caustic shrike
 56684 | Depths:4 | Killed the Enchantress
 56685 | Depths:4 | Killed a caustic shrike
 56698 | Depths:4 | Noticed a caustic shrike
 57030 | Depths:4 | Killed a caustic shrike
 57031 | Depths:4 | Killed a caustic shrike
 57032 | Depths:4 | Killed a caustic shrike
 57036 | Depths:4 | Killed a caustic shrike
 57181 | Depths:4 | Noticed a golden dragon
 57188 | Depths:4 | Killed a golden dragon
 57544 | Depths:4 | Reached XP level 23. HP: 190/199 MP: 20/47
 57606 | Depths:4 | Bought a book of Annihilations for 1260 gold pieces
 57606 | Depths:4 | Found Zauchy's Jewellery Shoppe.
 57609 | Depths:4 | Bought a steaming long sword for 340 gold pieces
 57609 | Depths:4 | Identified the +8 long sword of the Reaper {flame, Str+4}
                  | (You bought it in a shop on level 4 of the Depths)
 57616 | Depths:4 | Bought a manual of Stealth for 1040 gold pieces
 57660 | Depths:4 | Reached skill level 1 in Air Magic
 57764 | Depths:4 | Noticed Margery
 57771 | Depths:4 | Killed Margery
 58214 | Depths:4 | Found a gate to the Realm of Zot.
 58595 | Vaults:5 | Killed a dread lich
 58610 | Vaults:4 | Killed an ancient lich
 58611 | Vaults:4 | Reached skill level 10 in Dodging
 58611 | Vaults:4 | Reached skill level 5 in Air Magic
 59886 | Vaults:5 | Shot with a bolt by a yaktaur captain

Illustrated notes

Levels and vault maps discovered:
D:1:      doesnt_arrival_eight_statues, layout_rooms
D:2:      layout_loops_ring, serial_shops, shop, uniq_jessica
D:3:      layout_loops_ring, serial_aquarium, aquarium_bridge_square
          [aquarium_subvault_bridge, aquarium_subvault_wall,
          aquarium_subvault_bridge, aquarium_subvault_window],
          aquarium_window_3, aquarium_window_1, aquarium_window_fake,
          aquarium_window_fake, aquarium_view_2b, aquarium_view_2f,
          aquarium_balcony_double_1, minmay_misc_feat_enclosed
D:4:      minmay_bubble_buster, layout_cave_pools,
          nicolae_ru_the_path_less_chosen, dk_xom_monty_hall,
          minmay_temple_entry_overgrown, minmay_surrounded
D:5:      layout_basic, mainiacjoe_overflow_two_lobes
D:6:      layout_gridville, solitary_fountain, minmay_statues_item,
          uniq_eustachio
D:7:      layout_cave_pools, mainiacjoe_overflow_alcove_1
D:8:      layout_loops_cross, mainiacjoe_overflow_alcove_4, uniq_prince_ribbit1
D:9:      layout_basic, overflow_temple_1_default, lightli_temple_of_fire,
          lemuel_round_altar, minmay_orc_entry_temple_large, serial_shops,
          kennysheep_mini, grunt_decor_mini_mirrors
D:10:     layout_roguey, nicolae_hepliaklqana_monster_ancestors, serial_bayou,
          serial_bayou_pond_c, serial_bayou_pond_e, serial_bayou_shore_b,
          serial_bayou_pond_a, serial_bayou_pond_b, serial_bayou_lake_a,
          hangedman_feature_mirror, uniq_nergalle
D:11:     layout_gridville, due_lair_maze_entry_diamond,
          nicolae_qazlal_style_of_elements, uniq_grum
D:12:     layout_basic, serial_bayou, serial_bayou_lagoon_b,
          serial_bayou_ford_a, serial_bayou_pond_e, serial_bayou_shore_b,
          nicolae_transporter_circle
D:13:     layout_roguey [special_room_bee], david_vaults_5, serial_shops,
          nicolae_diamond_shop, uniq_azrael
D:14:     dreamdust_experimentation, layout_rooms, serial_park_tiny_1
D:15:     hangedman_depths_entry_try_elsewhere_first, layout_stronghold,
          serial_shops, nicolae_shop_stone
Temple:   hellmonk_temple_forest_ring
Lair:1:   layout_gridlike, grunt_megastairs_5, infiniplex_staircase_pool_2,
          lemuel_fruit_fields
Lair:2:   layout_cave_pods, mainiacjoe_swamp_entry_lozenge_pond,
          gammafunk_ghost_hydra_chop, nicolae_quartered_pool_little,
          minmay_hedge_maze, serial_bayou_shore_b, uniq_sonja
Lair:3:   layout_regular_city, spider_nest_entry_webs, enter_volcano_4
Lair:4:   layout_small_grid, minmay_slime_entry_pillars,
          ebering_ghost_funeral_grove, grunt_megastairs_3
Lair:5:   gammafunk_lair_ancient_temple, layout_cave_shapes,
          gauntlet_entry_generic
Swamp:1:  layout_falls_marsh, hellmonk_ghost_happy_afterlife,
          hangedman_swamp_ruin_hall, swamp_pool_5, nicolae_island_escapes,
          uniq_jorgrun
Swamp:2:  layout_falls_marsh, evilmike_swamp_ruin_rubble_2, swamp_pool_4
Swamp:3:  layout_basic_swamp, evilmike_swamp_ruin_house_5
Swamp:4:  swamp, layout_basic_swamp, nicolae_swamp_catching_bugs, uniq_mara,
          uniq_roxanne
Spider:1: layout_spider_delve, nicolae_crawler_farm
Spider:2: layout_chambers, ebering_ghost_disaster_area, special_room
Spider:3: nicolae_spider_mines_2, hangedman_spider_tarantella_strand
Spider:4: grunt_spider_rune_island
Orc:1:    layout_caves, guppyfry_library_mini
Orc:2:    st_orc_congregation, layout_diamond_mine
Vaults:1: ontoclasm_vaults_gateway, vaults_mumra_chevron, vaults_room_boxed,
          nicolae_vaults_little_squares_1, grunt_vaults_twisty,
          hangedman_vaults_corner, v_misc_32, nicolae_vaults_tetromino_T_2,
          vaults_dpeg_hooks, layout_vaults_omnicross, serial_shops, shop
Vaults:2: minmay_crypt_entry_simple_box, v_misc_29, vaults_dpeg_emergency_exit,
          nicolae_vaults_surprise_closet_hard, ontoclasm_vaults_ring_small,
          nicolae_vaults_offset_grid_hallway_1,
          nicolae_vaults_heart-shaped_vault, hangedman_vaults_variations,
          nicolae_vaults_big_ls, v_rooms_6, ontoclasm_vaults_eye,
          nicolae_vaults_little_squares_6, vaults_room_large_hall,
          layout_vaults_maze, nicolae_trove_entry_path_of_doom
Vaults:3: v_pattern_2, dpeg_vaults_pockets_of_resistance, vaults_room_door_ring,
          nicolae_vaults_little_squares_1, nicolae_vaults_little_squares_4,
          nicolae_vaults_ninety_degrees, dpeg_vaults_monster_box,
          ontoclasm_vaults_decontamination, nicolae_vaults_circle_grid_b,
          ontoclasm_vaults_misaligned, nicolae_vaults_prndl,
          hangedman_vaults_restitches, nicolae_vaults_surprise_closet,
          nicolae_vaults_closet_pinwheel_4, nicolae_vaults_tetromino_Z_2,
          layout_vaults_omnibox
Vaults:4: serial_library_hellmonk_open_cross, nicolae_vaults_steering_wheel,
          vaults_room_stairs_pillars, nicolae_vaults_diamond_1,
          grunt_vaults_hallway_long, nicolae_vaults_heist, v_misc_3,
          nicolae_vaults_surprise_closet, layout_vaults_quadrants
Vaults:5
Depths:1: layout_small_grid, enter_ziggurat_d, hell_entry,
          grunt_pan_entry_spiral, serial_library_hellmonk_hallway_a,
          nicolae_shop_i_like_small_books_too, nicolae_transporter_intersection
Depths:2: minmay_tile_spiral, layout_gridville, serial_sigils_hangedman_writhe,
          rand_demon_pan_entry_5, hell_entry
Depths:3: minmay_the_grid_octo_tiled_squarecenter
          [minmay_the_grid_octo_checkerflower, minmay_the_grid_octo_checkered,
          minmay_the_grid_octo_teeth, minmay_the_grid_octo_horde,
          minmay_the_grid_square_5x5_megaprize_open,
          minmay_the_grid_square_5x5_z, minmay_the_grid_square_5x5_bridge,
          minmay_the_grid_square_5x5_comb, minmay_the_grid_square_5x5_inner_v],
          layout_basic, pf_coc_iceberg, abyss_entry, lemuel_doored_altar,
          uniq_vv
Depths:4: grunt_zot_entry_pinwheel, layout_gridlike, hell_entry, abyss_entry,
          nicolae_zig_zag_zippers, minmay_shoptagon, uniq_margery,
          uniq_enchantress

Skill      XL: |  1  2  3  4  5  6  7  8  9 10 11 12 13 14 15 16 17 18 19 20 21 22 23 |
---------------+----------------------------------------------------------------------+-----
Evocations     | 2 3 5 |  5.8
Fighting       | 4 5 10 15 | 15.0
Dodging        | 2 8 10 | 10.9
Spellcasting   | 2 3 5 10 12 15 16 20 | 20.0
Short Blades   | 3 5 |  5.0
Necromancy     | 3 |  3.0
Ice Magic      | 3 5 8 10 14 15 17 19 21 24 25 27 | 27.0
Earth Magic    | 2 4 7 10 12 | 12.0
Shields        | 7 10 | 10.0
Air Magic      | 7 |  7.2
Stealth        | |  4.5

Action                     |  1- 3 |  4- 6 |  7- 9 | 10-12 | 13-15 | 16-18 | 19-21 | 22-24 || total
---------------------------+-------+-------+-------+-------+-------+-------+-------+-------++-------
  Melee: Short sword       |     1 |    67 |   337 |   220 |   108 |    48 |    81 |    66 ||   928
         Tailslap          |     1 |     4 |    35 |    35 |    19 |    12 |    27 |    24 ||   157
         Rapier            |       |     4 |       |       |       |       |       |       ||     4
         Bite              |       |       |       |       |     3 |     8 |    22 |    11 ||    44
  Throw: Boomerang         |       |       |     5 |    10 |       |       |       |       ||    15
   Cast: Permafrost Erupti |       |       |       |   161 |   409 |   370 |   358 |   160 ||  1458
         Ozocubu's Refrige |       |       |       |     6 |    60 |    69 |   105 |    91 ||   331
         Dispel Undead     |       |       |       |       |    15 |    13 |     8 |     6 ||    42
         Polar Vortex      |       |       |       |       |       |       |    56 |    36 ||    92
Ability: Caustic Breath    |       |       |     3 |     2 |     6 |     2 |     9 |     5 ||    27
  Evoke: Wand              |     7 |     8 |     1 |    18 |     2 |       |     1 |       ||    37
         Lightning rod     |       |       |       |       |     1 |       |       |       ||     1
    Use: Potion            |       |     2 |     1 |     1 |     3 |     4 |       |     5 ||    16
         Scroll            |       |       |    10 |     8 |    14 |     9 |     2 |     7 ||    50
   Stab: Sleeping          |       |     6 |    24 |     2 |       |       |       |       ||    32
 Armour: Skin              |     1 |    50 |   171 |   158 |   228 |    72 |   279 |   158 ||  1117
  Dodge: Dodged            |       |    39 |   137 |   134 |    94 |    44 |   136 |    79 ||   663
  Block: Buckler           |       |       |       |       |     1 |    37 |   115 |    47 ||   200

Table legend: (Time is in decaauts)
 A = Elapsed time spent in this place.
 B = Non-inter-level travel time spent in this place.
 C = Inter-level travel time spent in this place.
 D = Time resting spent in this place.
 E = Time spent auto-exploring this place.
 F = Levels seen in this place.
 G = Mean time per level.
                   A        B        C        D        E       F      G
               +--------+--------+--------+--------+--------+-----+--------+
         Total |  60126 |  56699 |   3427 |  25371 |  23255 |  41 | 1466.5 |
       Dungeon |  19084 |  17468 |   1616 |   5625 |   8985 |  15 | 1272.3 |
        Temple |     36 |      2 |     34 |      0 |      0 |   1 |   36.0 |
          Lair |   8729 |   8205 |    524 |   3581 |   3593 |   5 | 1745.8 |
         Swamp |   4857 |   4647 |    210 |   2273 |   1788 |   4 | 1214.2 |
   Spider Nest |   5173 |   5013 |    160 |   2109 |   2312 |   4 | 1293.2 |
  Orcish Mines |   1716 |   1584 |    132 |    620 |    728 |   2 |  858.0 |
        Vaults |  10220 |   9774 |    446 |   5564 |   3078 |   5 | 2044.0 |
        Depths |   9585 |   9282 |    303 |   5183 |   2732 |   4 | 2396.2 |
       Volcano |    722 |    722 |      0 |    415 |     37 |   1 |  722.0 |
               +--------+--------+--------+--------+--------+-----+--------+

Top non-repeatable levels by time:
Vaults:4: 3762 daAuts
Depths:3: 3225 daAuts
  Lair:4: 2787 daAuts
Vaults:3: 2520 daAuts
Depths:2: 2417 daAuts
Depths:4: 2093 daAuts
Vaults:2: 2056 daAuts
    D:13: 2012 daAuts
Depths:1: 1848 daAuts
     D:4: 1827 daAuts
Vaults:1: 1743 daAuts
  Lair:5: 1695 daAuts
 Swamp:3: 1663 daAuts
  Lair:2: 1659 daAuts
    D:15: 1623 daAuts
